 Dungeon Crawl Stone Soup version 0.29-a0-321-gf1c400731a (webtiles) character file.

Game seed: 6208511008810307476

12082 sammy202020 the Fighter (level 11, -7/95 HPs)
             Began as a Demonspawn Berserker on Apr 4, 2022.
             Was a High Priest of Trog.
             Mangled by a two-headed ogre
             ... wielding a +0 dire flail
              (25 damage)
             ... on level 10 of the Dungeon.
             The game lasted 00:16:22 (12877 turns).

sammy202020 the Fighter (Demonspawn Berserker)     Turns: 12877, Time: 00:16:23

Health: -7/95      AC: 12    Str: 21    XL:     11   Next: 57%
Magic:  11/11      EV: 12    Int: 10    God:    Trog [*****.]
Gold:   508        SH:  5    Dex: 18    Spells: 10/10 levels left

rFire   . . .      SeeInvis +   j - +7 broad axe "Ogeguf" {freeze, rC+ Will+}
rCold   + . .      Faith    .   (no shield)
rNeg    + . .      Spirit   .   F - +4 ring mail "Liesibb" {rN+ Will- rCorr SInv}
rPois   .          Reflect  +   (no helmet)
rElec   .          Harm     .   p - +0 cloak
rCorr   +          Rampage  .   (no gloves)
Will    ++...                   (no boots)
Stlth   +.........              q - amulet of reflection
HPRegen 1.25/turn               m - +6 ring of dexterity
MPRegen 0.12/turn               B - ring of flight

@: mighty, strong-willed, frozen, flying, regenerating, slowed, very slow
A: hooves 2, ignite blood 3, sturdy frame 1
a: Renounce Religion, Berserk, Trog's Hand, Brothers in Arms


You were on level 10 of the Dungeon.
You worshipped Trog.
Trog was extremely pleased with you.
You visited 1 branch of the dungeon, and saw 10 of its levels.
You also visited: Ossuary.

You collected 508 gold pieces.

Inventory:

Hand Weapons
 e - a +0 flail
 j - the +7 broad axe "Ogeguf" (weapon) {freeze, rC+ Will+}
   (You acquired it on level 2 of the Dungeon)

   It freezes those it strikes, dealing additional cold damage.
   It can also slow down cold-blooded creatures.
   rC:        It protects you from cold.
   Will:      It increases your willpower.
 k - a +0 mace of venom
 y - the +4 longbow of the Thing {freeze, rElec rPois}
   (You found it on level 6 of the Dungeon)

   Any ammunition fired from it freezes those it strikes, dealing additional
   cold damage.
   It can also slow down cold-blooded creatures.
   rElec:     It insulates you from electricity.
   rPois:     It protects you from poison.
 H - a +1 whip of freezing
Missiles
 g - 10 poisoned darts (quivered)
 l - 11 boomerangs
Armour
 p - a +0 cloak (worn)
 t - a +0 scale mail
 D - a +0 plate armour
 F - the +4 ring mail "Liesibb" (worn) {rN+ Will- rCorr SInv}
   (You found it on level 8 of the Dungeon)

   rN:        It protects you from negative energy.
   SInv:      It lets you see invisible.
   rCorr:     It protects you from acid and corrosion.
   Will:      It decreases your willpower.
Jewellery
 m - a +6 ring of dexterity (left hand)
 q - an amulet of reflection (around neck)
 s - the ring "Moruew" {*Slow Dex+4 SInv}
   (You found it in an ossuary)

   [ring of see invisible]

   Dex:       It affects your dexterity (+4).
   SInv:      It lets you see invisible.
   *Slow:     It may slow you when you take damage.
 B - a ring of flight (right hand)
 I - a +6 ring of intelligence
 K - a ring of see invisible
Wands
 c - a wand of mindburst (18)
 C - a wand of polymorph (7)
 G - a wand of paralysis (7)
Scrolls
 a - 7 scrolls of teleportation
 x - 2 scrolls of fog
 E - 3 scrolls of identify
 J - a scroll of fear {unknown}
Potions
 b - a potion of mutation
 d - 7 potions of lignification
 f - a potion of heal wounds
 h - 8 potions of curing
 i - a potion of might
 n - 2 potions of resistance
 o - 6 potions of attraction
 r - 2 potions of invisibility
 u - 4 potions of flight
 v - 2 potions of magic {unknown}
 w - 2 potions of berserk rage
 z - a potion of cancellation {unknown}
 A - a potion of haste {unknown}


   Skills:
 * Level 12.2 Fighting
 * Level 11.2 Axes
 + Level 7.9 Armour
 - Level 2.0 Dodging


You had 10 spell levels left.
You didn't know any spells.
Your spell library was empty.

Dungeon Overview and Level Annotations

Branches:
Dungeon (10/15)            Temple (0/1) D:7            Lair (0/6) D:9
Ossuary (visited)
    Orc: D:9-12

Altars:
Gozag
Kikubaaqudgha
Sif Muna
Wu Jian
Yredelemnul
Zin


Innate Abilities, Weirdness & Mutations

You have hoof-like feet.
Your demonic aura causes all spilled blood to erupt in flames.
Your movements are slightly less encumbered by armour. (ER -2)


Message History

The freezing wraith hits you. The freezing wraith freezes you. You resist.
The freezing wraith hits you. The freezing wraith drains your vigour!
You feel yourself slow down.
You hear two shouts!
The two-headed ogre shouts in stereo!
The freezing wraith closely misses you. The freezing wraith misses you.
You barely miss the freezing wraith.
You kick the freezing wraith, but do no damage.
The freezing wraith barely misses you. The freezing wraith hits you.
You block the freezing wraith's attack. The freezing wraith barely misses you.
You slice the freezing wraith!! You kick the freezing wraith.
The freezing wraith is heavily damaged.
The freezing wraith closely misses you. The freezing wraith hits you!
The freezing wraith drains your vigour!
You feel as though you will be slow longer.
A centaur warrior simulacrum comes into view.
Your skin crawls.
You feel strong-willed. The two-headed ogre barely misses you.
You block the two-headed ogre's attack.
The polar bear is engulfed in blazing flames.
The polar bear bites you! The polar bear claws you. x2
The freezing wraith hits you but does no damage.
The freezing wraith closely misses you.
You feel very mighty all of a sudden.
The polar bear is engulfed in blazing flames.
The polar bear bites you!
The polar bear claws you but does no damage.
You block the polar bear's attack. The freezing wraith hits you.
The freezing wraith freezes you. You resist. The freezing wraith hits you!
The freezing wraith drains your vigour!
You feel as though you will be slow longer.
The rime drake is engulfed in blazing flames.
The rime drake breathes ice at you. The flash freeze hits you.
You partially resist.
* * * LOW HITPOINT WARNING * * *
You are encased in ice.
The two-headed ogre hits you with a +0 dire flail!
* * * LOW HITPOINT WARNING * * *
The two-headed ogre hits you with a +0 giant spiked club!!
You die...

##.#########.#
#...# #.# #.##
##### #.# #..#
#.# ##.# #.#
#.# #.# #.# ..
##.## ##.§.##
##..W@O##
#...khk.#
#..##Z##..#
#..#..Z. #..#
#...#.#|#.
...#
..⌠...)#[k.
⌠... #...# # #
#. .#. #..
..## ## ##


You could see a two-headed ogre, a polar bear, a freezing wraith, 2 rime drakes
and 2 centaur warrior simulacra.

Vanquished Creatures
  Erolcha (D:9)
  Erica (D:9)
  3 two-headed ogres
  The ghost of spaghetti the Martial Artist, a novice DjCA of Ignis (D:8)
  Pikel (D:9)
  A troll (D:10)
  A shadow (D:10)
  3 wyverns
  A human (D:7)
  6 yaks (D:9)
  A vampire mosquito (D:6)
  Menkaure (D:7)
  An acid dragon (D:6)
  2 water moccasins (D:7)
  Duvessa (D:4)
  4 black bears
  3 orc warriors
  An ice beast (D:8)
  2 sky beasts
  3 centaurs
  7 ogres
  A lemure (D:9)
  4 phantoms
  3 bullfrogs
  3 necrophages
  A gnoll sergeant (D:5)
  10 scorpions
  12 wights
  Dowan (D:4)
  13 killer bees
  5 howler monkeys
  3 centaur zombies (Ossuary)
  2 jellies (D:6)
  3 human zombies (Ossuary)
  4 hounds
  3 orc priests
  2 iguanas (D:6)
  6 scorpion zombies (Ossuary)
  6 orc wizards
  3 mummies (Ossuary)
  17 adders
  7 gnolls
  4 shadow imps (D:6)
  A white imp (D:7)
  An ufetubus (D:5)
  3 worms
  A dart slug (D:3)
  18 orcs
  3 bats
  8 endoplasms
  4 giant cockroaches (D:1)
  2 gnoll zombies (Ossuary)
  6 goblins
  4 hobgoblins
  11 jackals
  8 kobolds
  3 quokkas
  8 ball pythons
  3 frilled lizards (D:1)
  A goblin skeleton (D:7)
  4 hobgoblin zombies (Ossuary)
  3 kobold zombies (Ossuary)
  8 rats
258 creatures vanquished.

Notes
Turn   | Place    | Note
-------+----------+-------------------------------------------
     0 | D:1      | sammy202020 the Demonspawn Berserker began the quest for
                  | the Orb.
     0 | D:1      | Reached XP level 1. HP: 18/18 MP: 1/1
   157 | D:1      | Found a faded altar of an unknown god.
   171 | D:1      | Gained mutation: Your movements are slightly less
                  | encumbered by armour. (ER -2) [demonic ancestry]
   171 | D:1      | Reached XP level 2. HP: 11/24 MP: 2/2
   805 | D:1      | Reached ** piety under Trog
   818 | D:1      | Reached XP level 3. HP: 29/29 MP: 3/3
  1732 | D:2      | Reached XP level 4. HP: 20/37 MP: 4/4
  2438 | D:2      | Reached skill level 4 in Fighting
  2723 | D:2      | Identified a scroll of acquirement
  2723 | D:2      | Acquired the +7 broad axe "Ogeguf" {freeze, rC+ Will+}
  3610 | D:3      | Reached XP level 5. HP: 38/42 MP: 5/5
  3990 | D:4      | Found a sand-covered staircase.
  3996 | Ossuary  | Entered an ossuary
  4033 | Ossuary  | Gained mutation: Your demonic aura sometimes causes spilled
                  | blood to erupt in flames. [demonic ancestry]
  4033 | Ossuary  | Reached XP level 6. HP: 33/50 MP: 6/6
  4069 | Ossuary  | Reached skill level 5 in Fighting
  4116 | Ossuary  | Gained mutation: Your demonic aura often causes spilled
                  | blood to erupt in flames. [demonic ancestry]
  4116 | Ossuary  | Reached XP level 7. HP: 26/56 MP: 7/7
  4302 | Ossuary  | Reached skill level 5 in Axes
  4319 | Ossuary  | Reached skill level 6 in Fighting
  4466 | Ossuary  | Identified the ring "Moruew" {*Slow Dex+4 SInv}
  4552 | D:4      | Reached XP level 8. HP: 16/65 MP: 8/8
  5137 | D:4      | Reached *** piety under Trog
  5335 | D:4      | Reached skill level 7 in Fighting
  5531 | D:4      | Noticed Duvessa
  5532 | D:4      | Noticed Dowan
  5533 | D:4      | Killed Dowan
  5534 | D:4      | Killed Duvessa
  5715 | D:5      | Entered Level 5 of the Dungeon
  5732 | D:5      | Found an ancient bone altar of Kikubaaqudgha.
  6128 | D:5      | Reached skill level 5 in Armour
  6354 | D:5      | Reached skill level 8 in Fighting
  6395 | D:5      | Gained mutation: You have large cloven feet. [demonic
                  | ancestry]
  6395 | D:5      | Reached XP level 9. HP: 72/74 MP: 9/9
  8742 | D:6      | Reached skill level 9 in Fighting
  8955 | D:6      | Reached **** piety under Trog
  9010 | D:6      | Identified the +4 longbow of the Thing {freeze, rElec
                  | rPois}
  9188 | D:7      | Found a staircase to the Ecumenical Temple.
  9698 | D:7      | Found an opulent altar of Gozag.
  9765 | D:7      | Gained mutation: Your demonic aura causes all spilled blood
                  | to erupt in flames. [demonic ancestry]
  9765 | D:7      | Reached XP level 10. HP: 84/84 MP: 10/10
 10294 | D:7      | Found a runed translucent door.
 10299 | D:7      | Found a basalt altar of Yredelemnul.
 10311 | D:7      | Reached skill level 10 in Fighting
 10330 | D:7      | Noticed Menkaure
 10335 | D:7      | Killed Menkaure
 10851 | D:8      | Noticed spaghetti's ghost (novice DjCA)
 10851 | D:8      | Identified the +7 giant spiked club "Eviscerator" {holy,
                  | rF+ Str+5}
 10854 | D:8      | Found a transporter.
 10883 | D:8      | Reached ***** piety under Trog
 11415 | D:8      | Found a transporter.
 11430 | D:8      | Killed spaghetti's ghost
 11431 | D:8      | Reached skill level 10 in Axes
 11441 | D:8      | Identified the +4 ring mail "Liesibb" {rN+ Will- rCorr
                  | SInv}
 11535 | D:9      | Reached skill level 11 in Fighting
 11535 | D:9      | Noticed Erica
 11543 | D:9      | Killed Erica
 11551 | D:9      | Noticed Pikel
 11555 | D:9      | Killed Pikel
 11556 | D:9      | Gained mutation: You have hoof-like feet. [demonic
                  | ancestry]
 11556 | D:9      | Reached XP level 11. HP: 93/93 MP: 11/11
 11585 | D:9      | Noticed Erolcha
 11594 | D:9      | Killed Erolcha
 11909 | D:9      | Found a staircase to the Lair.
 12115 | D:9      | Identified the +0 ring mail of Dogmatism {Int+2}
 12165 | D:9      | Noticed a two-headed ogre
 12168 | D:9      | Killed a two-headed ogre
 12307 | D:9      | Noticed a two-headed ogre
 12312 | D:9      | Killed a two-headed ogre
 12492 | D:9      | Found a shimmering blue altar of Sif Muna.
 12570 | D:9      | Found an ornate altar of the Wu Jian Council.
 12597 | D:10     | Entered Level 10 of the Dungeon
 12618 | D:10     | Noticed a two-headed ogre
 12622 | D:10     | Reached skill level 12 in Fighting
 12627 | D:10     | Killed a two-headed ogre
 12868 | D:10     | Noticed a two-headed ogre
 12877 | D:10     | Mangled by a two-headed ogre

Illustrated notes

Levels and vault maps discovered:
D:1:      giann_horns, layout_rooms, hellmonk_ecumenical_altar_arch_garden
D:2:      layout_basic
D:3:      layout_basic
D:4:      layout_cave_pods, nicolae_ossuary_entry_plus,
          nicolae_concentric_dashed_squares_mild, uniq_duvessa
D:5:      minmay_inner_zag, layout_layer_cave, kennysheep_mini_moat,
          small_statue_intersection, lightli_minifort
D:6:      minmay_clustersquares, layout_loops_ring, grunt_ministairs_2,
          st_stairs_5
D:7:      layout_rooms, dk_yredelemnul_ordeal,
          nicolae_gozag_cash_rules_everything_around_me,
          minmay_temple_entry_grid, minmay_holes, uniq_menkaure
D:8:      layout_gridville, gammafunk_ghost_smash
D:9:      layout_roguey, nicolae_wu_jian_immortal_techniques, led_sif_book,
          zin_statuary, lair_entry_dummy, uniq_pikel, uniq_erica, uniq_erolcha
D:10:     minmay_coctagon, layout_loops_corners, lemuel_flamethrower_2

Skill      XL: |  1  2  3  4  5  6  7  8  9 10 11 |
---------------+----------------------------------+-----
Armour         | 2 3 4 5 6 7 |  7.9
Dodging        | 2 |  2.0
Axes           | 3 4 5 7 8 10 11 | 11.2
Fighting       | 4 5 6 8 9 11 12 | 12.2

Action                   |  1- 3 |  4- 6 |  7- 9 | 10-12 || total
-------------------------+-------+-------+-------+-------++-------
Melee: Hand axe          |   125 |    23 |       |       ||   148
       Broad axe         |       |    85 |   222 |   128 ||   435
       Punch             |       |     1 |       |     3 ||     4
       Kick              |       |       |    35 |    40 ||    75
Invok: Berserk           |     1 |     2 |     2 |     1 ||     6
       Trog's Hand       |       |     2 |     3 |     2 ||     7
  Use: Scroll            |     2 |    11 |     6 |     2 ||    21
       Potion            |       |       |       |     2 ||     2
 Stab: Distracted        |       |     1 |       |       ||     1
Armor: Animal skin       |     6 |       |       |       ||     6
       Ring mail         |    34 |    54 |    33 |    17 ||   138
       Scale mail        |       |       |    79 |    16 ||    95
Dodge: Dodged            |    79 |    86 |   124 |    68 ||   357
Block: Other             |       |    17 |    65 |    24 ||   106
       Reflection        |       |       |     2 |     3 ||     5

Table legend: (Time is in decaauts)
 A = Elapsed time spent in this place.
 B = Non-inter-level travel time spent in this place.
 C = Inter-level travel time spent in this place.
 D = Time resting spent in this place.
 E = Time spent auto-exploring this place.
 F = Levels seen in this place.
 G = Mean time per level.
                   A        B        C        D        E       F      G
               +--------+--------+--------+--------+--------+-----+--------+
         Total |  13057 |  12871 |    186 |   2123 |   8799 |  11 | 1187.0 |
       Dungeon |  12482 |  12296 |    186 |   2093 |   8515 |  10 | 1248.2 |
       Ossuary |    574 |    574 |      0 |     30 |    284 |   1 |  574.0 |
               +--------+--------+--------+--------+--------+-----+--------+

Top non-repeatable levels by time:
     D:2: 2041 daAuts
     D:5: 1878 daAuts
     D:6: 1591 daAuts
     D:7: 1379 daAuts
     D:4: 1258 daAuts
     D:9: 1084 daAuts
     D:3: 1012 daAuts
     D:8: 1010 daAuts
     D:1: 939 daAuts
 Ossuary: 574 daAuts
    D:10: 283 daAuts
